 Dungeon Crawl Stone Soup version 0.31-a0-232-gb1c03b2570 (webtiles) character file.

Game seed: 2718512191912731377

56 Decritt the Trooper (level 3, -3/33 HPs)
             Began as a Ghoul Monk on July 7, 2023.
             Slain by a scorpion (4 damage)
             ... on level 3 of the Dungeon.
             The game lasted 00:03:16 (1779 turns).

Decritt the Trooper (Ghoul Monk)                    Turns: 1779, Time: 00:03:16

Health: -3/33      AC: 10    Str: 16    XL:     3   Next: 95%
Magic:  2/2        EV:  8    Int:  5    God:
Gold:   119        SH:  0    Dex: 11    Spells: 2/2 levels left

rFire   . . .        a - +0 hand axe
rCold   + . .        d - orb {light}
rNeg    + + +        l - +0 chain mail
rPois   ∞            o - +0 helmet
rElec   .            (no cloak)
rCorr   .            (no gloves)
SInv    .            j - +0 pair of boots
Will    .....        (no amulet) Stlth
                     (no ring)
HPRegen 0.00/turn    (no ring)
MPRegen 0.08/turn

%: no passive effects
@: inhibited regen, glowing
A: claws 1, cold resistance 1, negative energy resistance 3, inhibited
regeneration, torment resistance 2, devour on kill
a: no special abilities


You were on level 3 of the Dungeon.
You visited 1 branch of the dungeon, and saw 3 of its levels.

You collected 119 gold pieces.

Inventory:

Hand Weapons
 a - a +0 hand axe (weapon)
Armour
 b - a +0 robe
 d - an orb of light (worn)
 j - a +0 pair of boots (worn)
 l - a +0 chain mail (worn)
 o - a +0 helmet (worn)
Scrolls
 f - a scroll of enchant weapon {unknown}
 g - 3 scrolls of identify {unknown}
 i - a scroll of noise {unknown}
 k - 2 scrolls of vulnerability {unknown}
 m - a scroll of silence {unknown}
 n - a scroll of revelation {unknown}
Potions
 c - 2 potions of ambrosia
 e - a potion of heal wounds {unknown}
 h - 2 potions of enlightenment {unknown}
 p - 2 potions of might {unknown}


   Skills:
 * Level 4.1 Fighting
 * Level 3.3 Axes
 + Level 0.8 Armour
 + Level 3.0 Dodging


You had 2 spell levels left.
You didn't know any spells.
Your spell library contained the following spells:

 Spells                   Type           Power      Damage    Failure   Level
 Animate Dead             Necr           0%         N/A       100%        4
 Borgnjor's Vile Clutch   Necr/Erth      0%         N/A       100%        5
 Death Channel            Necr           0%         N/A       100%        6


Dungeon Overview and Level Annotations

Branches:
Dungeon (3/15)

Altars:
Trog


Innate Abilities, Weirdness & Mutations

You are immune to poison.
You have sharp fingernails.
Your flesh is cold resistant. (rC+)
You are immune to negative energy. (rN+++)
You do not regenerate when monsters are visible.
You are immune to unholy pain and torment.
You thrive by killing the living.


Message History

The scorpion closely misses you.
You hit the scorpion but do no damage.
The scorpion is moderately wounded.
The scorpion stings you.
You hit the scorpion but do no damage.
The scorpion is moderately wounded.
The scorpion stings you but does no damage.
The scorpion barely misses you.
You hit the scorpion but do no damage.
The scorpion is moderately wounded.
The scorpion stings you but does no damage.
You hit the scorpion but do no damage.
The scorpion is moderately wounded.
The scorpion stings you.
* * * LOW HITPOINT WARNING * * *
The scorpion stings you.
* * * LOW HITPOINT WARNING * * *
You hit the scorpion but do no damage.
The scorpion is moderately wounded.
The scorpion barely misses you.
You hit the scorpion but do no damage.
The scorpion is moderately wounded.
The scorpion stings you but does no damage.
You hit the scorpion.
The scorpion is moderately wounded.
The scorpion closely misses you.
The scorpion stings you but does no damage.
You hit the scorpion.
The scorpion is heavily wounded.
The scorpion stings you but does no damage.
You hit the scorpion but do no damage.
The scorpion is heavily wounded.
The scorpion stings you.
* * * LOW HITPOINT WARNING * * *
You hit the scorpion.
The scorpion is severely wounded.
The scorpion stings you.
* * * LOW HITPOINT WARNING * * *
The scorpion stings you.
You die...

#.....# >?..#..#..#.....#
#.....##........#.<)##
#...#.##........#.#..##..
#...#.##.....#..#.##...#
####.....#..#..........##....
...........##.......†..# #..
..##..##....#....<.....# .
#.. ##.#.#..........# . ...
#.$.@s.........# #.# ##.
#....##..........##...# #
#......................#
###....##............###
##...###..........## #...#
##...##..#.# #...#
#.#....##.# #... #....### .#
####. ..


You could see a scorpion.

Vanquished Creatures
  An adder (D:2)
  2 dart slugs
  An orc (D:3)
  An endoplasm (D:2)
  2 giant cockroaches (D:1)
  4 goblins (D:2)
  4 hobgoblins
  5 kobolds
  2 quokkas (D:2)
  7 ball pythons
  4 bats
  2 frilled lizards
  6 rats
41 creatures vanquished.

Notes
Turn   | Place    | Note
-------+----------+-------------------------------------------
     0 | D:1      | Decritt the Ghoul Monk began the quest for the Orb.
     0 | D:1      | Reached XP level 1. HP: 19/19 MP: 0/0
   358 | D:1      | Reached XP level 2. HP: 20/26 MP: 1/1
   833 | D:2      | Reached XP level 3. HP: 15/33 MP: 2/2
  1287 | D:2      | Found a bloodstained altar of Trog.
  1376 | D:2      | Reached skill level 4 in Fighting
  1762 | D:3      | Noticed a scorpion
  1779 | D:3      | HP: 1/33 [scorpion (6)]
  1779 | D:3      | Slain by a scorpion

Illustrated notes

Levels and vault maps discovered:
D:1:      heliophobic_arrival_dark_side_of_the_moon, layout_loops_ring
D:2:      layout_basic, basic_altar, minmay_randomly_rotated_circles
D:3:      layout_rooms, serial_shops, nicolae_shop_pleasant_corner_grove,
          kennysheep_generic_room_3

Skill      XL: |  1  2  3 |
---------------+----------+-----
Axes           | 3 |  3.3
Fighting       | 4 |  4.1
Dodging        | 3 |  3.0
Armour         | |  0.8

Action                     || total
---------------------------++-------
  Melee: Hand axe          ||   128
 Armour: Robe              ||    22
         Chain mail        ||    33
  Dodge: Dodged            ||    72

Table legend: (Time is in decaauts)
 A = Elapsed time spent in this place.
 B = Non-inter-level travel time spent in this place.
 C = Inter-level travel time spent in this place.
 D = Time resting spent in this place.
 E = Time spent auto-exploring this place.
 F = Levels seen in this place.
 G = Mean time per level.
                   A        B        C        D        E       F      G
               +--------+--------+--------+--------+--------+-----+--------+
         Total |   1794 |   1743 |     51 |      0 |   1417 |   3 |  598.0 |
       Dungeon |   1794 |   1743 |     51 |      0 |   1417 |   3 |  598.0 |
               +--------+--------+--------+--------+--------+-----+--------+

Top non-repeatable levels by time:
     D:2: 1063 daAuts
     D:1: 660 daAuts
     D:3: 70 daAuts
